[ PARTIDA AOE2 · #472342349 ]
UnrankedTártaros vs Poles
[ ANÁLISIS DE REPETICIÓN · EXTRAÍDO DE LA PARTIDA GRABADA ]
Feudal
9:47
Castillos
13:50
Imperial
—
| APM promedio | 36.4 |
| APM pico | 67 |
| eAPM promedio | 15.9 |
| Aldeanos / militares | 109 / 19 |
Foco
⚔️ 15.5% · 🌾 84.5%
Knight ×14 · Camel Scout ×5
Feudal
9:52
Castillos
21:26
Imperial
—
| APM promedio | 42.4 |
| APM pico | 65 |
| eAPM promedio | 16.2 |
| Aldeanos / militares | 99 / 24 |
Foco
⚔️ 13.1% · 🌾 86.9%
Knight ×15 · Scout Cavalry ×8 · Spearman ×1
Feudal
9:03
Castillos
14:49
Imperial
—
| APM promedio | 19.6 |
| APM pico | 37 |
| eAPM promedio | 13.3 |
| Aldeanos / militares | 104 / 5 |
Foco
⚔️ 35.7% · 🌾 64.3%
Spearman ×5
Feudal
10:45
Castillos
14:21
Imperial
—
| APM promedio | 21.0 |
| APM pico | 45 |
| eAPM promedio | 12.0 |
| Aldeanos / militares | 99 / 26 |
Foco
⚔️ 13.9% · 🌾 86.1%
Plumed Archer ×18 · Mangonel ×3 · Spearman ×3 · Monk ×2
Feudal
8:49
Castillos
20:21
Imperial
—
| APM promedio | 31.0 |
| APM pico | 74 |
| eAPM promedio | 14.9 |
| Aldeanos / militares | 87 / 50 |
Foco
⚔️ 28.9% · 🌾 71.1%
Archer ×43 · Monk ×3 · Mangonel ×3 · Spearman ×1
Feudal
10:21
Castillos
15:07
Imperial
—
| APM promedio | 48.3 |
| APM pico | 82 |
| eAPM promedio | 19.5 |
| Aldeanos / militares | 105 / 56 |
Foco
⚔️ 25.5% · 🌾 74.5%
Archer ×45 · Mangonel ×4 · Skirmisher ×3 · Battering Ram ×3 · Spearman ×1
Feudal
10:26
Castillos
19:33
Imperial
—
| APM promedio | 18.9 |
| APM pico | 47 |
| eAPM promedio | 12.0 |
| Aldeanos / militares | 64 / 26 |
Foco
⚔️ 26.0% · 🌾 74.0%
Knight ×22 · Spearman ×4
Feudal
10:39
Castillos
22:38
Imperial
31:55
| APM promedio | 49.0 |
| APM pico | 95 |
| eAPM promedio | 26.7 |
| Aldeanos / militares | 108 / 23 |
Foco
⚔️ 52.1% · 🌾 47.9%
Scout Cavalry ×17 · Spearman ×4 · Monk ×2
Mapa de la partida
Recursos iniciales + cada clic de construcción. Líneas = muros · curvas = relieve. ◆ oro · ⬟ piedra · ● bayas · ✦ reliquia · ◌ hueco del cierre
Tu base· Abierta — flanco sin cerrar
Base de sam0706· Abierta — flanco sin cerrar
Base de leonedu· Abierta — flanco sin cerrar
Base de S.H.E· Abierta — flanco sin cerrar
Base de Ypsilon· Abierta — flanco sin cerrar
Base de Corazonzz· Abierta — hueco de 5t
Base de CharlesV
Base de ybsngs
Terreno inicial suavizado · ◌ = hueco del cierre detectado · pasá el cursor para detalles
Inputs por minuto
— venOm - - sam0706
Build order — venOm
Primeras 150 de 212 acciones detectadas
| 0:02 | Crear | Villager (Male) |
| 0:02 | Crear | Villager (Male) |
| 0:02 | Crear | Villager (Male) |
| 0:04 | Construir | House |
| 0:06 | Construir | House |
| 0:45 | Crear | Villager (Male) |
| 0:45 | Crear | Villager (Male) |
| 0:46 | Crear | Villager (Male) |
| 1:18 | Crear | Villager (Male) |
| 1:18 | Crear | Villager (Male) |
| 1:18 | Crear | Villager (Male) |
| 1:28 | Crear | Villager (Male) |
| 1:29 | Crear | Villager (Male) |
| 1:59 | Crear | Villager (Male) |
| 2:00 | Crear | Villager (Male) |
| 2:37 | Crear | Villager (Male) |
| 2:37 | Crear | Villager (Male) |
| 2:37 | Crear | Villager (Male) |
| 2:48 | Construir | Lumber Camp |
| 3:09 | Crear | Villager (Male) |
| 3:10 | Crear | Villager (Male) |
| 3:10 | Crear | Villager (Male) |
| 3:10 | Crear | Villager (Male) |
| 3:28 | Construir | House |
| 3:39 | Crear | Villager (Male) |
| 3:39 | Crear | Villager (Male) |
| 3:39 | Crear | Villager (Male) |
| 3:39 | Crear | Villager (Male) |
| 3:59 | Crear | Villager (Male) |
| 3:59 | Crear | Villager (Male) |
| 4:00 | Crear | Villager (Male) |
| 4:05 | Construir | House |
| 4:28 | Construir | Mill |
| 4:30 | Crear | Villager (Male) |
| 4:30 | Crear | Villager (Male) |
| 4:42 | Crear | Villager (Male) |
| 5:11 | Crear | Villager (Male) |
| 5:11 | Crear | Villager (Male) |
| 5:11 | Crear | Villager (Male) |
| 5:42 | Crear | Villager (Male) |
| 5:42 | Crear | Villager (Male) |
| 5:42 | Crear | Villager (Male) |
| 6:32 | Crear | Villager (Male) |
| 6:32 | Crear | Villager (Male) |
| 6:32 | Crear | Villager (Male) |
| 7:02 | Construir | Mining Camp |
| 7:37 | Investigar | Feudal Age |
| 7:38 | Investigar | Feudal Age |
| 8:48 | Construir | Barracks |
| 9:13 | Crear | Villager (Male) |
| 9:15 | Crear | Villager (Male) |
| 9:47 | Edad | Edad Feudal |
| 9:54 | Construir | Stable |
| 10:11 | Construir | Market |
| 11:10 | Investigar | Castle Age |
| 11:10 | Investigar | Castle Age |
| 11:10 | Investigar | Castle Age |
| 11:14 | Construir | House |
| 11:48 | Investigar | Double-Bit Axe |
| 11:48 | Investigar | Double-Bit Axe |
| 11:58 | Construir | Palisade Wall |
| 12:48 | Construir | Blacksmith |
| 13:50 | Edad | Edad de los Castillos |
| 13:53 | Crear | Knight |
| 14:22 | Construir | Town Center |
| 14:26 | Crear | Knight |
| 14:41 | Crear | Knight |
| 14:52 | Crear | Villager (Male) |
| 14:53 | Crear | Villager (Male) |
| 15:05 | Construir | Mill |
| 15:15 | Construir | Farm |
| 15:16 | Construir | Farm |
| 15:19 | Construir | Farm |
| 15:21 | Construir | Farm |
| 15:35 | Construir | Farm |
| 15:59 | Crear | Villager (Male) |
| 16:16 | Crear | Villager (Male) |
| 16:21 | Construir | Farm |
| 16:22 | Construir | Farm |
| 16:33 | Investigar | Horse Collar |
| 16:33 | Investigar | Horse Collar |
| 17:07 | Crear | Knight |
| 17:07 | Crear | Knight |
| 17:11 | Construir | Farm |
| 17:14 | Crear | Villager (Male) |
| 17:23 | Crear | Villager (Male) |
| 17:36 | Crear | Villager (Male) |
| 17:45 | Construir | House |
| 17:55 | Investigar | Husbandry |
| 18:02 | Construir | House |
| 18:05 | Crear | Villager (Male) |
| 18:22 | Crear | Villager (Male) |
| 18:27 | Construir | Farm |
| 18:38 | Crear | Villager (Male) |
| 18:55 | Crear | Villager (Male) |
| 18:56 | Crear | Villager (Male) |
| 19:11 | Construir | Town Center |
| 19:15 | Crear | Villager (Male) |
| 19:15 | Crear | Villager (Male) |
| 19:25 | Crear | Camel Scout |
| 19:40 | Construir | House |
| 19:43 | Construir | Palisade Wall |
| 19:47 | Crear | Camel Scout |
| 19:48 | Crear | Camel Scout |
| 20:04 | Crear | Villager (Male) |
| 20:05 | Crear | Villager (Male) |
| 20:25 | Construir | Farm |
| 20:26 | Construir | Farm |
| 20:33 | Construir | Farm |
| 20:35 | Construir | Farm |
| 20:37 | Crear | Villager (Male) |
| 20:38 | Crear | Villager (Male) |
| 20:38 | Crear | Villager (Male) |
| 20:47 | Construir | House |
| 20:49 | Construir | House |
| 21:10 | Construir | Farm |
| 21:12 | Construir | Farm |
| 21:14 | Construir | Farm |
| 21:15 | Crear | Villager (Male) |
| 21:15 | Crear | Villager (Male) |
| 21:15 | Crear | Villager (Male) |
| 21:15 | Crear | Villager (Male) |
| 21:46 | Crear | Villager (Male) |
| 21:46 | Crear | Villager (Male) |
| 21:49 | Construir | Farm |
| 22:03 | Construir | Farm |
| 22:04 | Crear | Villager (Male) |
| 22:04 | Crear | Villager (Male) |
| 22:11 | Crear | Villager (Male) |
| 22:11 | Crear | Villager (Male) |
| 22:22 | Investigar | Bow Saw |
| 22:22 | Investigar | Bow Saw |
| 22:29 | Construir | Farm |
| 22:30 | Construir | Farm |
| 22:31 | Construir | Farm |
| 22:34 | Crear | Villager (Male) |
| 22:34 | Crear | Villager (Male) |
| 22:34 | Crear | Villager (Male) |
| 22:47 | Crear | Villager (Male) |
| 22:47 | Crear | Villager (Male) |
| 22:55 | Construir | Mining Camp |
| 22:59 | Construir | Farm |
| 23:01 | Construir | Farm |
| 23:04 | Crear | Villager (Male) |
| 23:04 | Crear | Villager (Male) |
| 23:15 | Construir | House |
| 23:36 | Crear | Camel Scout |
| 23:36 | Crear | Camel Scout |
| 23:50 | Crear | Villager (Male) |
| 23:51 | Crear | Villager (Male) |
Build order — sam0706
Primeras 150 de 237 acciones detectadas
| 0:02 | Crear | Villager (Male) |
| 0:03 | Crear | Villager (Male) |
| 0:03 | Crear | Villager (Male) |
| 0:04 | Construir | House |
| 0:09 | Investigar | Loom |
| 0:09 | Crear | Villager (Male) |
| 0:11 | Construir | House |
| 0:14 | Construir | House |
| 0:26 | Crear | Villager (Male) |
| 0:27 | Crear | Villager (Male) |
| 0:27 | Crear | Villager (Male) |
| 1:00 | Construir | Mill |
| 1:36 | Crear | Villager (Male) |
| 2:08 | Crear | Villager (Male) |
| 2:27 | Crear | Villager (Male) |
| 2:48 | Crear | Villager (Male) |
| 3:20 | Crear | Villager (Male) |
| 3:28 | Construir | Lumber Camp |
| 3:44 | Crear | Villager (Male) |
| 4:14 | Crear | Villager (Male) |
| 4:35 | Crear | Villager (Male) |
| 4:35 | Crear | Villager (Male) |
| 4:49 | Crear | Villager (Male) |
| 4:49 | Crear | Villager (Male) |
| 5:09 | Crear | Villager (Male) |
| 7:09 | Crear | Villager (Male) |
| 7:09 | Crear | Villager (Male) |
| 7:09 | Crear | Villager (Male) |
| 7:09 | Crear | Villager (Male) |
| 7:22 | Construir | Mill |
| 7:42 | Investigar | Feudal Age |
| 7:42 | Investigar | Feudal Age |
| 9:37 | Construir | Barracks |
| 9:48 | Crear | Villager (Male) |
| 9:52 | Edad | Edad Feudal |
| 9:55 | Investigar | Double-Bit Axe |
| 10:01 | Crear | Villager (Male) |
| 10:02 | Crear | Villager (Male) |
| 10:20 | Crear | Villager (Male) |
| 10:26 | Crear | Villager (Male) |
| 10:48 | Construir | Stable |
| 10:54 | Crear | Villager (Male) |
| 11:15 | Crear | Scout Cavalry |
| 11:16 | Crear | Scout Cavalry |
| 11:53 | Construir | House |
| 11:58 | Construir | Blacksmith |
| 12:03 | Investigar | Wheelbarrow |
| 12:08 | Crear | Scout Cavalry |
| 12:20 | Investigar | Horse Collar |
| 12:23 | Crear | Villager (Male) |
| 12:34 | Investigar | Forging |
| 12:37 | Crear | Scout Cavalry |
| 12:54 | Crear | Spearman |
| 13:28 | Construir | Farm |
| 13:28 | Construir | Farm |
| 13:28 | Construir | Farm |
| 13:29 | Construir | Farm |
| 13:29 | Construir | Farm |
| 13:32 | Crear | Villager (Male) |
| 13:47 | Crear | Villager (Male) |
| 13:49 | Construir | Farm |
| 13:50 | Construir | Farm |
| 13:55 | Construir | House |
| 14:01 | Construir | Farm |
| 14:01 | Construir | Farm |
| 14:02 | Construir | Farm |
| 14:10 | Crear | Scout Cavalry |
| 14:28 | Construir | Farm |
| 14:28 | Construir | Farm |
| 14:46 | Crear | Villager (Male) |
| 15:04 | Construir | Farm |
| 15:11 | Construir | Farm |
| 15:11 | Construir | Farm |
| 15:12 | Construir | Farm |
| 15:15 | Crear | Villager (Male) |
| 15:25 | Construir | Mining Camp |
| 15:57 | Crear | Villager (Male) |
| 16:02 | Construir | Farm |
| 16:02 | Construir | Farm |
| 16:03 | Construir | Farm |
| 16:08 | Construir | Farm |
| 16:09 | Construir | Farm |
| 16:12 | Construir | House |
| 16:59 | Crear | Villager (Male) |
| 17:02 | Investigar | Stone Mining |
| 17:16 | Construir | Market |
| 17:20 | Crear | Villager (Male) |
| 17:40 | Crear | Scout Cavalry |
| 17:50 | Crear | Villager (Male) |
| 18:15 | Crear | Villager (Male) |
| 18:40 | Crear | Villager (Male) |
| 18:46 | Investigar | Castle Age |
| 18:57 | Investigar | Scale Barding Armor |
| 18:57 | Crear | Scout Cavalry |
| 19:05 | Construir | House |
| 19:08 | Construir | House |
| 19:09 | Construir | House |
| 20:30 | Investigar | Bloodlines |
| 20:46 | Crear | Scout Cavalry |
| 21:07 | Crear | Villager (Male) |
| 21:10 | Investigar | Gold Mining |
| 21:10 | Investigar | Gold Mining |
| 21:26 | Edad | Edad de los Castillos |
| 21:30 | Crear | Villager (Male) |
| 21:31 | Investigar | Bow Saw |
| 21:33 | Investigar | Heavy Plow |
| 21:47 | Construir | Town Center |
| 22:01 | Crear | Villager (Male) |
| 22:07 | Investigar | Light Cavalry (upgrade) |
| 22:08 | Investigar | Husbandry |
| 22:20 | Crear | Villager (Male) |
| 22:24 | Crear | Villager (Male) |
| 22:24 | Crear | Villager (Male) |
| 22:24 | Crear | Villager (Male) |
| 22:35 | Construir | Castle |
| 23:03 | Crear | Villager (Male) |
| 23:06 | Crear | Villager (Male) |
| 23:22 | Investigar | Chain Barding Armor |
| 23:28 | Crear | Villager (Male) |
| 23:32 | Crear | Villager (Male) |
| 23:57 | Construir | Mill |
| 23:58 | Construir | Farm |
| 23:58 | Construir | Farm |
| 23:59 | Construir | Farm |
| 23:59 | Construir | Farm |
| 23:59 | Construir | Farm |
| 23:59 | Construir | Farm |
| 24:13 | Crear | Villager (Male) |
| 24:22 | Investigar | Hand Cart |
| 24:26 | Crear | Villager (Male) |
| 24:31 | Crear | Villager (Male) |
| 24:48 | Construir | Farm |
| 24:48 | Construir | Farm |
| 24:53 | Investigar | Fletching |
| 25:04 | Crear | Villager (Male) |
| 25:04 | Crear | Villager (Male) |
| 25:18 | Crear | Villager (Male) |
| 25:18 | Crear | Villager (Male) |
| 25:19 | Crear | Villager (Male) |
| 25:32 | Construir | Farm |
| 25:37 | Crear | Villager (Male) |
| 25:38 | Crear | Villager (Male) |
| 25:38 | Crear | Villager (Male) |
| 25:43 | Construir | Mill |
| 25:44 | Construir | Farm |
| 25:44 | Construir | Farm |
| 25:45 | Construir | Farm |
| 25:45 | Construir | Farm |
| 25:53 | Crear | Villager (Male) |
| 25:53 | Crear | Villager (Male) |
Build order — leonedu
Primeras 150 de 184 acciones detectadas
| 0:03 | Crear | Villager (Male) |
| 0:03 | Crear | Villager (Male) |
| 0:04 | Crear | Villager (Male) |
| 0:04 | Crear | Villager (Male) |
| 0:06 | Construir | House |
| 0:10 | Construir | Mill |
| 0:12 | Construir | House |
| 1:32 | Crear | Villager (Male) |
| 1:32 | Crear | Villager (Male) |
| 2:19 | Crear | Villager (Male) |
| 2:19 | Crear | Villager (Male) |
| 2:19 | Crear | Villager (Male) |
| 2:56 | Crear | Villager (Male) |
| 2:57 | Crear | Villager (Male) |
| 3:35 | Crear | Villager (Male) |
| 3:36 | Crear | Villager (Male) |
| 3:36 | Crear | Villager (Male) |
| 4:09 | Construir | Lumber Camp |
| 4:53 | Crear | Villager (Male) |
| 4:54 | Crear | Villager (Male) |
| 4:54 | Crear | Villager (Male) |
| 5:08 | Construir | House |
| 6:28 | Crear | Villager (Male) |
| 6:29 | Crear | Villager (Male) |
| 6:44 | Investigar | Feudal Age |
| 6:47 | Investigar | Loom |
| 7:08 | Construir | Mining Camp |
| 9:03 | Edad | Edad Feudal |
| 9:07 | Crear | Villager (Male) |
| 9:08 | Crear | Villager (Male) |
| 9:24 | Construir | Market |
| 9:32 | Construir | Blacksmith |
| 9:40 | Crear | Villager (Male) |
| 9:45 | Construir | House |
| 11:19 | Construir | House |
| 11:38 | Construir | Palisade Wall |
| 11:39 | Construir | Palisade Wall |
| 11:45 | Construir | Palisade Wall |
| 11:54 | Construir | Stone Wall |
| 12:09 | Investigar | Castle Age |
| 12:17 | Construir | Barracks |
| 13:17 | Construir | Farm |
| 13:35 | Construir | Farm |
| 13:44 | Construir | House |
| 13:49 | Construir | Palisade Wall |
| 13:59 | Crear | Spearman |
| 13:59 | Crear | Spearman |
| 14:21 | Construir | Farm |
| 14:23 | Construir | Farm |
| 14:27 | Construir | Farm |
| 14:28 | Construir | Farm |
| 14:36 | Construir | Farm |
| 14:46 | Construir | Farm |
| 14:49 | Edad | Edad de los Castillos |
| 14:49 | Construir | Farm |
| 14:53 | Crear | Villager (Male) |
| 15:08 | Crear | Villager (Male) |
| 15:19 | Investigar | Double-Bit Axe |
| 15:35 | Construir | Farm |
| 15:52 | Crear | Spearman |
| 15:53 | Crear | Spearman |
| 16:22 | Construir | Town Center |
| 16:42 | Investigar | Wheelbarrow |
| 17:12 | Construir | Town Center |
| 17:34 | Crear | Spearman |
| 17:39 | Investigar | Pikeman (upgrade) |
| 17:45 | Investigar | Horse Collar |
| 18:24 | Crear | Villager (Male) |
| 18:25 | Crear | Villager (Male) |
| 18:25 | Crear | Villager (Male) |
| 18:50 | Construir | House |
| 18:57 | Construir | Stable |
| 19:09 | Construir | Farm |
| 19:09 | Construir | Farm |
| 19:10 | Construir | Farm |
| 19:11 | Construir | Farm |
| 19:11 | Construir | Farm |
| 19:11 | Construir | Farm |
| 19:21 | Crear | Villager (Male) |
| 19:21 | Crear | Villager (Male) |
| 19:21 | Crear | Villager (Male) |
| 19:49 | Construir | Town Center |
| 20:01 | Crear | Villager (Male) ×2 |
| 20:43 | Construir | Farm |
| 20:45 | Construir | Farm |
| 21:33 | Crear | Villager (Male) ×4 |
| 21:47 | Construir | Farm |
| 21:48 | Construir | Farm |
| 21:49 | Construir | Farm |
| 21:50 | Construir | Farm |
| 21:59 | Investigar | Town Watch |
| 22:00 | Crear | Villager (Male) |
| 22:08 | Construir | Farm |
| 22:09 | Construir | Farm |
| 22:10 | Construir | Farm |
| 22:29 | Crear | Villager (Male) ×2 |
| 22:43 | Crear | Villager (Male) |
| 23:04 | Investigar | Gold Mining |
| 23:07 | Investigar | Stone Mining |
| 23:14 | Investigar | Stone Mining |
| 23:22 | Crear | Villager (Male) ×2 |
| 23:23 | Crear | Villager (Male) ×3 |
| 23:23 | Crear | Villager (Male) ×3 |
| 23:23 | Crear | Villager (Male) |
| 23:50 | Construir | Farm |
| 23:51 | Construir | Farm |
| 23:53 | Construir | Farm |
| 23:55 | Construir | Farm |
| 24:02 | Crear | Villager (Male) ×5 |
| 24:02 | Crear | Villager (Male) ×5 |
| 24:03 | Crear | Villager (Male) ×5 |
| 24:29 | Construir | Castle |
| 24:53 | Investigar | Husbandry |
| 24:54 | Investigar | Bloodlines |
| 25:34 | Investigar | Hand Cart |
| 25:37 | Crear | Villager (Male) ×3 |
| 25:53 | Construir | Town Center |
| 25:58 | Crear | Villager (Male) |
| 25:59 | Crear | Villager (Male) |
| 25:59 | Crear | Villager (Male) |
| 25:59 | Crear | Villager (Male) |
| 26:00 | Crear | Villager (Male) |
| 26:00 | Crear | Villager (Male) |
| 26:13 | Construir | Mining Camp |
| 26:20 | Crear | Villager (Male) |
| 26:20 | Crear | Villager (Male) |
| 26:26 | Construir | Farm |
| 26:35 | Construir | Farm |
| 26:39 | Crear | Villager (Male) ×3 |
| 26:40 | Crear | Villager (Male) ×3 |
| 27:29 | Construir | Building 487 |
| 27:34 | Construir | Stone Wall |
| 27:48 | Construir | Stone Wall |
| 28:18 | Investigar | Fletching |
| 28:19 | Investigar | Scale Barding Armor |
| 28:24 | Investigar | Szlachta Privileges |
| 28:29 | Crear | Villager (Male) ×2 |
| 28:30 | Crear | Villager (Male) ×2 |
| 28:30 | Crear | Villager (Male) ×2 |
| 29:20 | Investigar | Town Patrol |
| 29:23 | Crear | Villager (Male) ×2 |
| 29:23 | Crear | Villager (Male) ×2 |
| 29:23 | Crear | Villager (Male) ×2 |
| 29:24 | Crear | Villager (Male) |
| 29:43 | Construir | Stone Wall |
| 29:49 | Construir | Stone Wall |
| 29:53 | Construir | Stone Wall |
| 29:59 | Crear | Villager (Male) ×5 |
| 30:28 | Construir | Stable |
| 30:30 | Construir | Stable |
Build order — S.H.E
Primeras 150 de 209 acciones detectadas
| 0:06 | Investigar | Loom |
| 0:10 | Construir | House |
| 0:18 | Construir | House |
| 0:34 | Crear | Villager (Male) ×3 |
| 0:40 | Construir | Lumber Camp |
| 1:48 | Crear | Villager (Male) |
| 2:02 | Construir | House |
| 2:20 | Crear | Villager (Male) ×2 |
| 2:28 | Construir | House |
| 2:42 | Crear | Villager (Male) |
| 3:14 | Crear | Villager (Male) |
| 3:22 | Crear | Villager (Male) |
| 3:27 | Construir | Mill |
| 4:11 | Crear | Villager (Male) |
| 4:11 | Crear | Villager (Male) |
| 4:29 | Crear | Villager (Male) |
| 5:01 | Crear | Villager (Male) |
| 5:01 | Crear | Villager (Male) |
| 5:17 | Construir | Mill |
| 5:24 | Crear | Villager (Male) |
| 6:03 | Crear | Villager (Male) |
| 6:03 | Crear | Villager (Male) |
| 6:25 | Construir | House |
| 7:13 | Construir | Mining Camp |
| 7:18 | Crear | Villager (Male) |
| 7:18 | Crear | Villager (Male) |
| 7:25 | Construir | Farm |
| 7:39 | Construir | Farm |
| 8:32 | Investigar | Feudal Age |
| 8:39 | Construir | Farm |
| 9:56 | Crear | Villager (Male) |
| 9:57 | Crear | Villager (Male) |
| 10:45 | Edad | Edad Feudal |
| 10:51 | Construir | Market |
| 10:57 | Construir | Blacksmith |
| 11:26 | Construir | Mining Camp |
| 11:35 | Investigar | Double-Bit Axe |
| 11:41 | Investigar | Castle Age |
| 11:48 | Construir | Farm |
| 12:23 | Construir | Watch Tower |
| 14:02 | Construir | Palisade Wall |
| 14:21 | Edad | Edad de los Castillos |
| 14:21 | Crear | Villager (Male) |
| 14:21 | Crear | Villager (Male) |
| 14:34 | Construir | Siege Workshop |
| 14:41 | Crear | Villager (Male) ×5 |
| 14:45 | Investigar | Double-Bit Axe |
| 14:51 | Investigar | Horse Collar |
| 15:28 | Construir | House |
| 15:29 | Construir | House |
| 15:37 | Investigar | Wheelbarrow |
| 15:51 | Crear | Mangonel |
| 17:15 | Construir | Barracks |
| 17:29 | Construir | Town Center |
| 17:42 | Crear | Villager (Male) |
| 17:42 | Crear | Villager (Male) |
| 17:42 | Crear | Villager (Male) |
| 17:43 | Crear | Villager (Male) |
| 17:43 | Crear | Villager (Male) |
| 18:09 | Investigar | Bow Saw |
| 18:21 | Crear | Villager (Male) |
| 18:30 | Crear | Villager (Male) |
| 18:30 | Crear | Villager (Male) |
| 18:31 | Crear | Villager (Male) |
| 18:51 | Construir | House |
| 18:52 | Construir | House |
| 18:53 | Construir | House |
| 18:54 | Construir | House |
| 19:21 | Crear | Villager (Male) |
| 19:25 | Crear | Mangonel |
| 19:45 | Investigar | Stone Mining |
| 19:53 | Construir | House |
| 20:13 | Construir | Monastery |
| 20:37 | Crear | Mangonel |
| 20:40 | Crear | Villager (Male) |
| 20:40 | Crear | Villager (Male) |
| 20:42 | Crear | Villager (Male) |
| 20:59 | Construir | Farm |
| 21:00 | Construir | Farm |
| 21:02 | Crear | Monk |
| 21:02 | Crear | Monk |
| 21:42 | Crear | Spearman |
| 21:42 | Crear | Spearman |
| 21:43 | Crear | Spearman |
| 22:34 | Crear | Villager (Male) |
| 22:48 | Construir | Town Center |
| 23:12 | Construir | Farm |
| 23:13 | Construir | Farm |
| 23:14 | Construir | Farm |
| 23:31 | Crear | Villager (Male) |
| 23:31 | Crear | Villager (Male) |
| 23:57 | Crear | Villager (Male) |
| 24:17 | Construir | Farm |
| 24:18 | Construir | Farm |
| 24:19 | Construir | Farm |
| 24:19 | Construir | Farm |
| 24:21 | Construir | Farm |
| 24:22 | Construir | Farm |
| 24:25 | Crear | Villager (Male) |
| 24:38 | Crear | Villager (Male) |
| 24:50 | Construir | House |
| 24:51 | Construir | House |
| 25:04 | Construir | Lumber Camp |
| 25:07 | Crear | Villager (Male) |
| 25:21 | Construir | Castle |
| 25:34 | Crear | Villager (Male) |
| 25:34 | Crear | Villager (Male) |
| 25:34 | Crear | Villager (Male) |
| 25:39 | Construir | Farm |
| 25:40 | Construir | Farm |
| 25:54 | Construir | Stone Wall |
| 26:03 | Crear | Villager (Male) |
| 26:03 | Crear | Villager (Male) |
| 26:03 | Crear | Villager (Male) |
| 26:19 | Crear | Villager (Male) |
| 26:19 | Crear | Villager (Male) |
| 26:40 | Construir | House |
| 26:40 | Construir | House |
| 26:41 | Construir | House |
| 26:43 | Crear | Plumed Archer ×5 |
| 26:50 | Investigar | Fletching |
| 27:00 | Construir | Farm |
| 27:01 | Construir | Farm |
| 27:01 | Construir | Farm |
| 27:03 | Construir | Farm |
| 27:10 | Construir | Farm |
| 27:11 | Construir | Farm |
| 27:12 | Construir | Farm |
| 27:16 | Construir | Mill |
| 27:25 | Crear | Plumed Archer |
| 27:25 | Crear | Plumed Archer |
| 27:29 | Investigar | Bodkin Arrow |
| 27:32 | Crear | Villager (Male) |
| 27:32 | Crear | Villager (Male) |
| 27:39 | Construir | Farm |
| 27:42 | Construir | Mill |
| 27:50 | Crear | Plumed Archer |
| 27:50 | Crear | Plumed Archer |
| 27:58 | Construir | Farm |
| 27:59 | Construir | Farm |
| 28:00 | Construir | Farm |
| 28:03 | Crear | Villager (Male) |
| 28:03 | Crear | Villager (Male) |
| 28:09 | Crear | Plumed Archer |
| 28:15 | Construir | House |
| 28:16 | Construir | House |
| 28:17 | Construir | House |
| 28:19 | Construir | House |
| 28:20 | Construir | House |
| 28:20 | Construir | House |
Build order — Ypsilon
Primeras 150 de 218 acciones detectadas
| 0:03 | Crear | Villager (Male) ×4 |
| 0:03 | Crear | Villager (Male) ×4 |
| 0:04 | Crear | Villager (Male) ×4 |
| 0:04 | Crear | Villager (Male) ×4 |
| 0:05 | Construir | House |
| 0:06 | Construir | House |
| 0:09 | Investigar | Loom |
| 0:10 | Construir | House |
| 0:37 | Crear | Villager (Male) |
| 0:37 | Crear | Villager (Male) |
| 0:37 | Crear | Villager (Male) |
| 0:38 | Crear | Villager (Male) |
| 0:38 | Crear | Villager (Male) |
| 0:38 | Crear | Villager (Male) |
| 0:38 | Crear | Villager (Male) |
| 1:30 | Crear | Villager (Male) |
| 1:30 | Crear | Villager (Male) |
| 1:53 | Construir | Mill |
| 1:57 | Crear | Villager (Male) |
| 1:58 | Crear | Villager (Male) |
| 2:43 | Crear | Villager (Male) |
| 3:05 | Crear | Villager (Male) |
| 3:05 | Crear | Villager (Male) |
| 3:16 | Construir | Lumber Camp |
| 3:39 | Construir | House |
| 4:22 | Crear | Villager (Male) |
| 4:22 | Crear | Villager (Male) |
| 4:22 | Crear | Villager (Male) |
| 4:23 | Crear | Villager (Male) |
| 4:23 | Crear | Villager (Male) |
| 4:23 | Crear | Villager (Male) |
| 6:36 | Construir | Lumber Camp |
| 6:39 | Investigar | Feudal Age |
| 6:58 | Construir | Mill |
| 7:21 | Construir | Barracks |
| 8:14 | Construir | Palisade Wall |
| 8:26 | Crear | Villager (Male) |
| 8:27 | Crear | Villager (Male) |
| 8:49 | Edad | Edad Feudal |
| 8:52 | Construir | Archery Range |
| 9:00 | Construir | Mining Camp |
| 9:06 | Crear | Villager (Male) |
| 9:34 | Construir | Palisade Wall |
| 9:37 | Construir | Palisade Wall |
| 9:44 | Crear | Villager (Male) |
| 9:53 | Construir | House |
| 9:54 | Construir | House |
| 9:56 | Crear | Archer |
| 10:02 | Crear | Villager (Male) |
| 10:10 | Crear | Spearman |
| 10:26 | Crear | Villager (Male) |
| 10:38 | Crear | Archer |
| 10:39 | Crear | Archer |
| 10:46 | Construir | House |
| 11:02 | Crear | Archer |
| 11:27 | Crear | Villager (Male) |
| 11:29 | Crear | Archer |
| 11:38 | Construir | Building 800 |
| 11:39 | Construir | House |
| 11:44 | Crear | Archer |
| 12:00 | Crear | Villager (Male) |
| 12:01 | Crear | Villager (Male) |
| 12:42 | Crear | Archer |
| 12:42 | Crear | Archer |
| 12:43 | Crear | Villager (Male) |
| 12:43 | Crear | Villager (Male) |
| 13:21 | Crear | Villager (Male) |
| 13:21 | Crear | Villager (Male) |
| 13:25 | Construir | Blacksmith |
| 13:38 | Construir | Farm |
| 13:39 | Construir | Farm |
| 14:04 | Construir | House |
| 14:13 | Construir | Archery Range |
| 14:29 | Investigar | Fletching |
| 15:07 | Crear | Archer |
| 15:07 | Crear | Archer |
| 15:08 | Crear | Villager (Male) |
| 15:08 | Crear | Villager (Male) |
| 15:29 | Crear | Archer |
| 15:34 | Construir | Palisade Wall |
| 15:36 | Construir | Farm |
| 15:36 | Construir | Farm |
| 15:37 | Construir | Farm |
| 15:42 | Construir | Farm |
| 15:47 | Crear | Villager (Male) |
| 15:53 | Crear | Archer |
| 15:53 | Crear | Archer |
| 15:57 | Construir | Farm |
| 16:14 | Construir | Farm |
| 16:23 | Investigar | Wheelbarrow |
| 16:43 | Construir | Farm |
| 16:48 | Crear | Archer |
| 16:48 | Crear | Archer |
| 17:00 | Construir | House |
| 17:18 | Crear | Archer |
| 17:19 | Crear | Archer |
| 17:41 | Investigar | Castle Age |
| 17:46 | Construir | House |
| 17:47 | Construir | Palisade Wall |
| 17:53 | Construir | Palisade Wall |
| 17:55 | Construir | Palisade Wall |
| 18:34 | Investigar | Padded Archer Armor |
| 18:54 | Construir | Palisade Wall |
| 19:00 | Construir | House |
| 19:12 | Crear | Archer |
| 19:12 | Crear | Archer |
| 19:37 | Crear | Archer |
| 19:37 | Crear | Archer |
| 19:57 | Construir | House |
| 20:02 | Construir | Palisade Wall |
| 20:06 | Construir | House |
| 20:13 | Construir | Farm |
| 20:14 | Construir | Farm |
| 20:16 | Investigar | Horse Collar |
| 20:21 | Edad | Edad de los Castillos |
| 20:23 | Investigar | Crossbowman (upgrade) |
| 20:23 | Investigar | Thumb Ring |
| 20:25 | Investigar | Bodkin Arrow |
| 20:31 | Crear | Archer |
| 20:57 | Construir | Town Center |
| 21:01 | Crear | Villager (Male) |
| 21:03 | Crear | Archer |
| 21:03 | Crear | Archer |
| 21:37 | Construir | House |
| 21:39 | Construir | House |
| 21:46 | Construir | House |
| 21:47 | Construir | Palisade Wall |
| 21:55 | Construir | Palisade Wall |
| 22:08 | Investigar | Leather Archer Armor |
| 22:14 | Crear | Villager (Male) |
| 22:14 | Crear | Villager (Male) |
| 22:29 | Crear | Archer |
| 22:30 | Crear | Archer |
| 22:37 | Crear | Archer |
| 22:37 | Crear | Archer |
| 23:02 | Investigar | Double-Bit Axe |
| 23:04 | Construir | House |
| 23:07 | Construir | House |
| 23:13 | Construir | Palisade Wall |
| 23:27 | Crear | Archer |
| 23:27 | Crear | Archer |
| 23:41 | Crear | Villager (Male) |
| 23:41 | Crear | Villager (Male) |
| 23:42 | Crear | Villager (Male) |
| 23:42 | Crear | Villager (Male) |
| 23:49 | Construir | Farm |
| 23:52 | Construir | Farm |
| 23:55 | Construir | Farm |
| 24:03 | Construir | Palisade Wall |
| 24:15 | Crear | Archer |
Build order — Corazonzz
Primeras 150 de 270 acciones detectadas
| 0:00 | Crear | Villager (Male) |
| 0:00 | Crear | Villager (Male) |
| 0:01 | Crear | Villager (Male) |
| 0:01 | Crear | Villager (Male) |
| 0:01 | Crear | Villager (Male) |
| 0:06 | Construir | House |
| 0:08 | Construir | House |
| 1:10 | Crear | Villager (Male) |
| 1:33 | Construir | Lumber Camp |
| 1:43 | Crear | Villager (Male) |
| 2:19 | Crear | Villager (Male) |
| 2:23 | Crear | Villager (Male) |
| 3:03 | Crear | Villager (Male) |
| 3:05 | Crear | Villager (Male) |
| 3:35 | Crear | Villager (Male) |
| 3:47 | Construir | House |
| 3:57 | Construir | Mill |
| 4:15 | Crear | Villager (Male) |
| 4:20 | Crear | Villager (Male) |
| 4:30 | Construir | House |
| 4:48 | Crear | Villager (Male) |
| 5:15 | Construir | Farm |
| 5:52 | Crear | Villager (Male) |
| 6:26 | Crear | Villager (Male) |
| 6:55 | Crear | Villager (Male) |
| 7:20 | Crear | Villager (Male) |
| 7:28 | Construir | Farm |
| 7:40 | Crear | Villager (Male) |
| 8:05 | Construir | Mining Camp |
| 8:08 | Investigar | Feudal Age |
| 9:08 | Construir | Barracks |
| 9:32 | Crear | Villager (Male) |
| 9:41 | Construir | House |
| 9:44 | Construir | Palisade Wall |
| 10:11 | Crear | Villager (Male) |
| 10:21 | Edad | Edad Feudal |
| 10:26 | Construir | Archery Range |
| 10:41 | Crear | Villager (Male) |
| 10:43 | Crear | Spearman |
| 11:28 | Investigar | Loom |
| 11:49 | Crear | Villager (Male) |
| 11:52 | Construir | Blacksmith |
| 11:57 | Construir | Blacksmith |
| 12:25 | Construir | House |
| 12:27 | Construir | House |
| 12:27 | Investigar | Castle Age |
| 12:32 | Investigar | Double-Bit Axe |
| 13:11 | Construir | Lumber Camp |
| 13:16 | Construir | Palisade Wall |
| 13:21 | Construir | Palisade Wall |
| 13:33 | Crear | Archer |
| 13:34 | Crear | Archer |
| 13:51 | Construir | House |
| 14:01 | Construir | Archery Range |
| 14:05 | Construir | House |
| 14:21 | Construir | Farm |
| 14:23 | Construir | Farm |
| 14:32 | Crear | Archer |
| 14:37 | Investigar | Fletching |
| 14:37 | Investigar | Fletching |
| 14:38 | Crear | Villager (Male) |
| 14:42 | Crear | Villager (Male) |
| 15:01 | Crear | Villager (Male) |
| 15:05 | Crear | Archer |
| 15:07 | Edad | Edad de los Castillos |
| 15:24 | Crear | Skirmisher |
| 15:25 | Crear | Skirmisher |
| 15:30 | Crear | Archer |
| 15:30 | Crear | Archer |
| 15:31 | Crear | Villager (Male) |
| 15:32 | Crear | Villager (Male) |
| 15:47 | Crear | Skirmisher |
| 15:48 | Crear | Archer |
| 15:56 | Crear | Villager (Male) |
| 15:59 | Construir | Market |
| 16:02 | Crear | Villager (Male) |
| 16:10 | Crear | Archer |
| 16:15 | Crear | Villager (Male) |
| 16:27 | Construir | Mining Camp |
| 16:30 | Construir | Farm |
| 16:31 | Construir | Farm |
| 16:35 | Crear | Archer |
| 16:49 | Investigar | Crossbowman (upgrade) |
| 16:49 | Investigar | Crossbowman (upgrade) |
| 16:51 | Crear | Villager (Male) |
| 16:52 | Crear | Villager (Male) |
| 16:57 | Construir | Farm |
| 17:00 | Construir | Farm |
| 17:04 | Investigar | Gold Mining |
| 17:16 | Construir | Farm |
| 17:18 | Construir | Farm |
| 17:35 | Crear | Archer |
| 17:35 | Crear | Archer |
| 17:38 | Crear | Villager (Male) |
| 17:41 | Crear | Villager (Male) |
| 17:57 | Crear | Archer |
| 17:57 | Crear | Archer |
| 18:12 | Crear | Villager (Male) |
| 18:21 | Crear | Archer |
| 18:21 | Crear | Archer |
| 18:36 | Construir | Siege Workshop |
| 18:38 | Crear | Villager (Male) |
| 18:42 | Construir | House |
| 18:43 | Construir | House |
| 18:47 | Investigar | Wheelbarrow |
| 19:06 | Crear | Villager (Male) |
| 19:07 | Crear | Villager (Male) |
| 19:37 | Crear | Battering Ram |
| 19:39 | Crear | Mangonel |
| 20:03 | Crear | Villager (Male) |
| 20:11 | Investigar | Bow Saw |
| 20:16 | Crear | Villager (Male) |
| 20:17 | Crear | Archer |
| 20:18 | Crear | Archer |
| 20:40 | Crear | Villager (Male) |
| 20:44 | Crear | Villager (Male) |
| 20:50 | Crear | Villager (Male) |
| 20:57 | Construir | Town Center |
| 21:09 | Crear | Villager (Male) |
| 21:47 | Crear | Battering Ram |
| 21:48 | Crear | Villager (Male) |
| 21:48 | Crear | Villager (Male) |
| 21:54 | Construir | House |
| 22:06 | Crear | Villager (Male) |
| 22:35 | Crear | Villager (Male) |
| 22:35 | Crear | Villager (Male) |
| 22:40 | Construir | House |
| 22:41 | Construir | House |
| 22:41 | Construir | House |
| 22:43 | Crear | Archer |
| 22:43 | Crear | Archer |
| 23:00 | Construir | Farm |
| 23:01 | Crear | Villager (Male) |
| 23:02 | Investigar | Bodkin Arrow |
| 23:03 | Investigar | Bodkin Arrow |
| 23:13 | Crear | Archer |
| 23:13 | Crear | Archer |
| 23:15 | Crear | Villager (Male) |
| 23:15 | Crear | Villager (Male) |
| 23:37 | Crear | Archer |
| 23:38 | Crear | Archer |
| 23:40 | Crear | Villager (Male) |
| 23:51 | Construir | Town Center |
| 24:12 | Crear | Archer |
| 24:12 | Crear | Archer |
| 24:15 | Construir | House |
| 24:15 | Construir | House |
| 24:16 | Crear | Villager (Male) |
| 24:17 | Crear | Villager (Male) |
| 24:26 | Crear | Archer |
Build order — CharlesV
Primeras 150 de 182 acciones detectadas
| 0:02 | Crear | Villager (Male) |
| 0:03 | Crear | Villager (Male) |
| 0:03 | Crear | Villager (Male) |
| 0:03 | Crear | Villager (Male) |
| 0:04 | Construir | House |
| 0:06 | Construir | House |
| 1:32 | Construir | Lumber Camp |
| 1:51 | Crear | Villager (Male) |
| 1:52 | Crear | Villager (Male) |
| 1:52 | Crear | Villager (Male) |
| 2:54 | Crear | Villager (Male) |
| 2:55 | Crear | Villager (Male) |
| 3:11 | Construir | Mill |
| 4:24 | Crear | Villager (Male) |
| 4:24 | Crear | Villager (Male) |
| 4:25 | Crear | Villager (Male) |
| 4:31 | Investigar | Loom |
| 4:33 | Construir | House |
| 4:44 | Construir | House |
| 4:46 | Construir | House |
| 4:50 | Crear | Villager (Male) |
| 4:51 | Crear | Villager (Male) |
| 4:51 | Crear | Villager (Male) |
| 4:51 | Crear | Villager (Male) |
| 4:52 | Crear | Villager (Male) |
| 6:24 | Construir | Mill |
| 6:43 | Crear | Villager (Male) |
| 6:44 | Crear | Villager (Male) |
| 6:50 | Crear | Villager (Male) |
| 8:00 | Construir | Mining Camp |
| 8:06 | Investigar | Feudal Age |
| 8:55 | Construir | Barracks |
| 9:09 | Construir | House |
| 9:14 | Construir | Palisade Wall |
| 9:19 | Construir | Palisade Wall |
| 9:24 | Crear | Villager (Male) |
| 9:24 | Crear | Villager (Male) |
| 9:38 | Construir | House |
| 9:45 | Construir | Palisade Wall |
| 9:49 | Construir | Palisade Wall |
| 10:06 | Construir | Palisade Wall |
| 10:11 | Construir | Palisade Wall |
| 10:14 | Construir | Palisade Wall |
| 10:26 | Edad | Edad Feudal |
| 10:27 | Crear | Villager (Male) |
| 10:48 | Crear | Spearman |
| 10:58 | Crear | Spearman |
| 11:11 | Construir | Palisade Wall |
| 11:20 | Crear | Villager (Male) |
| 11:21 | Crear | Villager (Male) |
| 11:52 | Construir | Palisade Wall |
| 12:06 | Crear | Villager (Male) |
| 12:06 | Crear | Villager (Male) |
| 12:38 | Crear | Villager (Male) |
| 12:59 | Construir | Farm |
| 13:33 | Construir | Palisade Gate |
| 13:59 | Crear | Spearman |
| 14:00 | Crear | Spearman |
| 14:01 | Crear | Villager (Male) |
| 14:02 | Crear | Villager (Male) |
| 14:06 | Construir | Farm |
| 14:09 | Construir | Farm |
| 14:09 | Construir | Farm |
| 14:09 | Construir | Farm |
| 14:10 | Construir | Farm |
| 14:11 | Investigar | Horse Collar |
| 14:24 | Construir | Farm |
| 14:38 | Construir | Farm |
| 14:40 | Crear | Villager (Male) |
| 14:40 | Crear | Villager (Male) |
| 15:06 | Construir | Farm |
| 15:22 | Construir | Market |
| 15:24 | Construir | Blacksmith |
| 15:27 | Crear | Villager (Male) |
| 15:41 | Construir | Mining Camp |
| 15:45 | Construir | Farm |
| 15:57 | Crear | Villager (Male) |
| 16:09 | Construir | Farm |
| 16:13 | Investigar | Double-Bit Axe |
| 16:52 | Construir | Farm |
| 16:53 | Investigar | Castle Age |
| 16:58 | Construir | Farm |
| 17:01 | Construir | Farm |
| 17:07 | Crear | Villager (Male) |
| 17:07 | Crear | Villager (Male) |
| 17:21 | Construir | Farm |
| 17:22 | Crear | Villager (Male) |
| 17:23 | Crear | Villager (Male) |
| 17:39 | Construir | Watch Tower |
| 17:52 | Construir | Farm |
| 17:53 | Construir | Farm |
| 17:54 | Construir | Farm |
| 17:56 | Construir | Farm |
| 18:19 | Construir | Stable |
| 18:35 | Construir | House |
| 18:38 | Construir | House |
| 18:49 | Construir | Palisade Wall |
| 19:03 | Crear | Villager (Male) |
| 19:22 | Construir | Stable |
| 19:33 | Edad | Edad de los Castillos |
| 19:48 | Construir | Watch Tower |
| 20:07 | Construir | Watch Tower |
| 20:17 | Crear | Knight |
| 20:17 | Crear | Knight |
| 20:23 | Investigar | Forging |
| 20:23 | Investigar | Scale Barding Armor |
| 20:32 | Construir | Farm |
| 21:10 | Crear | Knight |
| 21:11 | Crear | Knight |
| 21:19 | Construir | Mining Camp |
| 21:22 | Crear | Villager (Male) |
| 21:22 | Crear | Villager (Male) |
| 21:52 | Crear | Knight |
| 21:53 | Crear | Knight |
| 22:00 | Crear | Knight |
| 22:00 | Crear | Knight |
| 22:04 | Crear | Villager (Male) |
| 22:17 | Crear | Knight |
| 22:39 | Construir | House |
| 22:40 | Construir | House |
| 22:40 | Construir | House |
| 22:40 | Construir | House |
| 22:40 | Construir | House |
| 22:41 | Construir | House |
| 22:41 | Construir | House |
| 23:02 | Crear | Villager (Male) |
| 23:03 | Crear | Villager (Male) |
| 23:06 | Crear | Knight |
| 23:06 | Crear | Knight |
| 23:28 | Crear | Villager (Male) |
| 23:29 | Crear | Villager (Male) |
| 23:29 | Crear | Villager (Male) |
| 24:10 | Investigar | Iron Casting |
| 24:10 | Investigar | Chain Barding Armor |
| 24:16 | Crear | Knight |
| 24:16 | Crear | Knight |
| 24:53 | Crear | Knight |
| 24:53 | Crear | Knight |
| 24:54 | Investigar | Bloodlines |
| 25:31 | Crear | Villager (Male) |
| 25:31 | Crear | Villager (Male) |
| 25:32 | Crear | Villager (Male) |
| 25:32 | Crear | Villager (Male) |
| 25:44 | Construir | Town Center |
| 25:56 | Crear | Knight |
| 25:57 | Crear | Knight |
| 26:03 | Crear | Knight |
| 26:56 | Crear | Villager (Male) |
| 26:56 | Crear | Villager (Male) |
| 27:04 | Construir | Farm |
Build order — ybsngs
Primeras 150 de 265 acciones detectadas
| 0:00 | Crear | Villager (Male) |
| 0:01 | Crear | Villager (Male) |
| 0:01 | Crear | Villager (Male) |
| 0:02 | Construir | House |
| 0:08 | Investigar | Loom |
| 0:08 | Crear | Villager (Male) ×5 |
| 0:10 | Construir | House |
| 1:11 | Crear | Villager (Male) |
| 1:11 | Crear | Villager (Male) |
| 1:20 | Construir | Lumber Camp |
| 1:39 | Crear | Villager (Male) |
| 1:39 | Crear | Villager (Male) |
| 1:47 | Construir | House |
| 2:13 | Crear | Villager (Male) |
| 2:14 | Crear | Villager (Male) |
| 2:24 | Construir | House |
| 2:38 | Crear | Villager (Male) |
| 2:43 | Construir | House |
| 2:53 | Crear | Villager (Male) |
| 3:28 | Construir | Palisade Wall |
| 3:30 | Construir | Building 800 |
| 3:32 | Crear | Villager (Male) |
| 3:32 | Crear | Villager (Male) |
| 3:45 | Construir | Mill |
| 3:51 | Crear | Villager (Male) |
| 3:51 | Crear | Villager (Male) |
| 4:12 | Crear | Villager (Male) |
| 4:12 | Crear | Villager (Male) |
| 4:20 | Construir | Palisade Wall |
| 4:43 | Crear | Villager (Male) |
| 5:29 | Crear | Villager (Male) |
| 5:46 | Construir | Palisade Wall |
| 6:11 | Construir | Palisade Wall |
| 6:13 | Construir | Palisade Gate |
| 6:17 | Crear | Villager (Male) |
| 6:23 | Construir | Farm |
| 6:26 | Construir | Farm |
| 6:27 | Crear | Villager (Male) |
| 6:39 | Construir | Farm |
| 6:46 | Construir | Palisade Wall |
| 6:56 | Crear | Villager (Male) |
| 6:59 | Construir | Farm |
| 7:12 | Construir | Mining Camp |
| 7:24 | Crear | Villager (Male) |
| 7:37 | Construir | Farm |
| 7:55 | Crear | Villager (Male) |
| 8:17 | Construir | Farm |
| 8:35 | Investigar | Feudal Age |
| 8:36 | Investigar | Feudal Age |
| 8:56 | Construir | Barracks |
| 9:25 | Construir | Palisade Gate |
| 9:29 | Construir | House |
| 9:38 | Crear | Villager (Male) |
| 9:38 | Crear | Villager (Male) |
| 10:39 | Edad | Edad Feudal |
| 10:41 | Construir | Stable |
| 10:45 | Construir | House |
| 10:55 | Investigar | Double-Bit Axe |
| 11:09 | Construir | Palisade Gate |
| 11:13 | Construir | House |
| 11:15 | Construir | Palisade Wall |
| 11:17 | Crear | Villager (Male) |
| 11:20 | Crear | Scout Cavalry |
| 11:20 | Crear | Scout Cavalry |
| 11:21 | Crear | Scout Cavalry |
| 11:22 | Investigar | Bloodlines |
| 11:30 | Construir | Palisade Wall |
| 11:32 | Construir | Building 800 |
| 11:39 | Crear | Villager (Male) |
| 11:44 | Construir | Blacksmith |
| 11:48 | Construir | House |
| 11:55 | Construir | Palisade Gate |
| 12:04 | Construir | House |
| 12:05 | Crear | Villager (Male) |
| 12:16 | Crear | Villager (Male) |
| 12:24 | Construir | Palisade Wall |
| 12:40 | Construir | Lumber Camp |
| 12:49 | Construir | Palisade Wall |
| 12:55 | Construir | Palisade Wall |
| 13:02 | Crear | Villager (Male) |
| 13:20 | Crear | Villager (Male) |
| 13:22 | Investigar | Town Watch |
| 13:26 | Construir | Farm |
| 13:29 | Construir | Farm |
| 13:31 | Crear | Villager (Male) |
| 13:35 | Construir | Farm |
| 13:38 | Construir | Farm |
| 13:55 | Investigar | Forging |
| 13:55 | Investigar | Forging |
| 14:00 | Crear | Villager (Male) |
| 14:04 | Construir | Farm |
| 14:06 | Construir | Farm |
| 14:29 | Construir | Palisade Gate |
| 15:16 | Crear | Villager (Male) |
| 15:16 | Crear | Villager (Male) |
| 15:21 | Construir | Farm |
| 15:23 | Construir | Farm |
| 15:24 | Construir | Farm |
| 15:25 | Construir | Farm |
| 15:26 | Construir | Farm |
| 15:27 | Construir | Farm |
| 15:28 | Construir | Mill |
| 15:36 | Construir | Farm |
| 15:37 | Construir | Farm |
| 15:39 | Construir | Farm |
| 15:39 | Construir | Farm |
| 15:42 | Investigar | Wheelbarrow |
| 16:03 | Construir | Stable |
| 16:34 | Construir | Farm |
| 16:42 | Construir | Farm |
| 16:51 | Construir | Lumber Camp |
| 17:08 | Crear | Spearman |
| 17:09 | Crear | Spearman |
| 17:09 | Crear | Spearman |
| 17:17 | Crear | Scout Cavalry |
| 17:18 | Crear | Scout Cavalry |
| 17:19 | Crear | Scout Cavalry |
| 17:20 | Crear | Scout Cavalry |
| 17:28 | Crear | Villager (Male) |
| 17:28 | Crear | Villager (Male) |
| 17:32 | Crear | Villager (Male) |
| 17:32 | Crear | Villager (Male) |
| 17:36 | Construir | Mill |
| 17:40 | Crear | Villager (Male) |
| 18:01 | Crear | Spearman |
| 18:07 | Investigar | Scale Barding Armor |
| 18:08 | Investigar | Scale Barding Armor |
| 18:11 | Construir | House |
| 18:12 | Construir | House |
| 18:13 | Construir | House |
| 18:21 | Construir | Market |
| 18:36 | Crear | Villager (Male) |
| 18:41 | Construir | House |
| 18:53 | Construir | Palisade Wall |
| 19:16 | Construir | House |
| 19:22 | Crear | Villager (Male) |
| 19:23 | Crear | Villager (Male) |
| 19:47 | Construir | House |
| 20:04 | Construir | House |
| 20:06 | Construir | House |
| 20:07 | Construir | House |
| 20:12 | Investigar | Castle Age |
| 20:21 | Investigar | Horse Collar |
| 21:05 | Investigar | Gold Mining |
| 21:06 | Investigar | Gold Mining |
| 21:32 | Crear | Villager (Male) |
| 21:32 | Crear | Villager (Male) |
| 22:38 | Edad | Edad de los Castillos |
| 22:39 | Investigar | Light Cavalry (upgrade) |
| 22:40 | Investigar | Husbandry |
Cronología de la partida
| 3:28 | ybsngs · wall_segment Palisade Wall x1 |
| 4:20 | ybsngs · wall_segment Palisade Wall x8 |
| 5:46 | ybsngs · wall_segment Palisade Wall x3 |
| 6:11 | ybsngs · wall_segment Palisade Wall x1 |
| 6:46 | ybsngs · wall_segment Palisade Wall x8 |
| 7:21 | Ypsilon · first_building Barracks |
| 8:14 | Ypsilon · wall_segment Palisade Wall x4 |
| 8:48 | venOm · first_building Barracks |
| 8:49 | Ypsilon · age_up feudal |
| 8:52 | Ypsilon · first_building Archery Range |
| 8:55 | CharlesV · first_building Barracks |
| 8:56 | ybsngs · first_building Barracks |
| 9:03 | leonedu · age_up feudal |
| 9:08 | Corazonzz · first_building Barracks |
| 9:14 | CharlesV · wall_segment Palisade Wall x3 |
| 9:19 | CharlesV · wall_segment Palisade Wall x3 |
| 9:34 | Ypsilon · wall_segment Palisade Wall x7 |
| 9:37 | Ypsilon · wall_segment Palisade Wall x2 |
| 9:37 | sam0706 · first_building Barracks |
| 9:44 | Corazonzz · wall_segment Palisade Wall x7 |
| 9:45 | CharlesV · wall_segment Palisade Wall x9 |
| 9:47 | venOm · age_up feudal |
| 9:49 | CharlesV · wall_segment Palisade Wall x5 |
| 9:52 | sam0706 · age_up feudal |
| 9:54 | venOm · first_building Stable |
| 10:06 | CharlesV · wall_segment Palisade Wall x5 |
| 10:11 | CharlesV · wall_segment Palisade Wall x6 |
| 10:14 | CharlesV · wall_segment Palisade Wall x7 |
| 10:21 | Corazonzz · age_up feudal |
| 10:26 | Corazonzz · first_building Archery Range |
| 10:26 | CharlesV · age_up feudal |
| 10:39 | ybsngs · age_up feudal |
| 10:41 | ybsngs · first_building Stable |
| 10:45 | S.H.E · age_up feudal |
| 10:48 | sam0706 · first_building Stable |
| 11:11 | CharlesV · wall_segment Palisade Wall x13 |
| 11:15 | ybsngs · wall_segment Palisade Wall x1 |
| 11:30 | ybsngs · wall_segment Palisade Wall x6 |
| 11:38 | leonedu · wall_segment Palisade Wall x1 |
| 11:39 | leonedu · wall_segment Palisade Wall x1 |
| 11:45 | leonedu · wall_segment Palisade Wall x3 |
| 11:52 | CharlesV · wall_segment Palisade Wall x19 |
| 11:54 | leonedu · wall_segment Stone Wall x1 |
| 11:58 | venOm · wall_segment Palisade Wall x5 |
| 12:17 | leonedu · first_building Barracks |
| 12:24 | ybsngs · wall_segment Palisade Wall x7 |
| 12:49 | ybsngs · wall_segment Palisade Wall x9 |
| 12:55 | ybsngs · wall_segment Palisade Wall x15 |
| 13:16 | Corazonzz · wall_segment Palisade Wall x5 |
| 13:21 | Corazonzz · wall_segment Palisade Wall x3 |
| 13:49 | leonedu · wall_segment Palisade Wall x3 |
| 13:50 | venOm · age_up castle |
| 14:02 | S.H.E · wall_segment Palisade Wall x7 |
| 14:21 | S.H.E · age_up castle |
| 14:34 | S.H.E · first_building Siege Workshop |
| 14:49 | leonedu · age_up castle |
| 15:07 | Corazonzz · age_up castle |
| 15:34 | Ypsilon · wall_segment Palisade Wall x8 |
| 16:03 | leonedu · first_market_buy 100 wood |
| 16:31 | S.H.E · first_market_buy 100 wood |
| 17:15 | S.H.E · first_building Barracks |
| 17:47 | Ypsilon · wall_segment Palisade Wall x1 |
| 17:53 | Ypsilon · wall_segment Palisade Wall x2 |
| 17:55 | Ypsilon · wall_segment Palisade Wall x4 |
| 18:19 | CharlesV · first_building Stable |
| 18:36 | Corazonzz · first_building Siege Workshop |
| 18:42 | sam0706 · first_market_sell 100 wood |
| 18:49 | CharlesV · wall_segment Palisade Wall x2 |
| 18:53 | ybsngs · wall_segment Palisade Wall x4 |
| 18:54 | Ypsilon · wall_segment Palisade Wall x1 |
| 18:57 | leonedu · first_building Stable |
| 19:33 | CharlesV · age_up castle |
| 19:43 | venOm · wall_segment Palisade Wall x1 |
| 19:56 | CharlesV · first_market_buy 100 stone |
| 20:02 | Ypsilon · wall_segment Palisade Wall x4 |
| 20:13 | S.H.E · first_building Monastery |
| 20:21 | Ypsilon · age_up castle |
| 20:54 | Corazonzz · first_market_buy 100 wood |
| 20:56 | CharlesV · first_market_sell 100 food |
| 21:26 | sam0706 · age_up castle |
| 21:47 | Ypsilon · wall_segment Palisade Wall x1 |
| 21:55 | Ypsilon · wall_segment Palisade Wall x1 |
| 22:20 | venOm · first_market_buy 100 food |
| 22:35 | sam0706 · first_building Castle |
| 22:38 | ybsngs · age_up castle |
| 22:47 | ybsngs · first_building Monastery |
| 23:13 | Ypsilon · wall_segment Palisade Wall x1 |
| 24:03 | Ypsilon · wall_segment Palisade Wall x14 |
| 24:29 | leonedu · first_building Castle |
| 25:18 | Ypsilon · wall_segment Palisade Wall x1 |
| 25:21 | S.H.E · first_building Castle |
| 25:32 | Ypsilon · first_building Monastery |
| 25:54 | S.H.E · wall_segment Stone Wall x26 |
| 26:01 | Ypsilon · wall_segment Palisade Wall x1 |
| 27:34 | leonedu · wall_segment Stone Wall x8 |
| 27:48 | leonedu · wall_segment Stone Wall x19 |
| 28:00 | Ypsilon · first_building Siege Workshop |
| 29:43 | leonedu · wall_segment Stone Wall x8 |
| 29:49 | leonedu · wall_segment Stone Wall x7 |
| 29:53 | leonedu · wall_segment Stone Wall x13 |
| 30:10 | CharlesV · resign |
| 30:49 | S.H.E · wall_segment Stone Wall x1 |
| 31:55 | ybsngs · age_up imperial |
| 32:20 | Ypsilon · wall_segment Palisade Wall x1 |
| 32:25 | ybsngs · first_building Castle |
| 32:34 | Ypsilon · first_building Castle |
[ ANÁLISIS IA · 1 CRÉDITO ]
¿Qué pasó realmente en esta partida?
Wolo.gg analiza cada decisión: build order, eco, micro, errores típicos por bracket. Análisis personalizado por WhatsApp o Discord en 30 segundos.
Guía civ
Tártaros
Perfil
Jugador #6144882